 Dungeon Crawl Stone Soup version 0.26.1-11-gd32895ea62 (webtiles) character file.

Game seed: 12362510275871045908

2807 dtburroughs the Fighter (level 9, -1/82 HPs)
             Began as a Minotaur Berserker on July 9, 2021.
             Was a Priest of Trog.
             Slain by an orc warrior
             ... wielding a +0 halberd
              (14 damage)
             ... in a bailey.
             The game lasted 00:15:24 (8147 turns).

dtburroughs the Fighter (Minotaur Berserker)        Turns: 8147, Time: 00:15:25

Health: -1/82      AC: 15    Str: 23    XL:     9   Next: 44%
Magic:  10/17      EV:  7    Int:  7    God:    Trog [***...]
Gold:   354        SH:  8    Dex:  9    Spells: 8/8 levels left

rFire    . . .     SeeInvis .   a - +0 hand axe
rCold    . . .     Faith    .   D - +0 kite shield
rNeg     . . .     Spirit   .   n - +0 plate armour
rPois    .         Reflect  .   (helmet restricted)
rElec    .         Harm     .   (no cloak)
rCorr    .         Rampage  .   o - +0 pair of gloves
Will     .....                  (no boots)
Stlth    ..........             (no amulet)
HPRegen  0.23/turn              A - ring of magical power
MPRegen  0.15/turn              (no ring)

@: no status effects
A: retaliatory headbutt, horns 2
a: Renounce Religion, Berserk, Trog's Hand


You were in a bailey.
You worshipped Trog.
Trog was most pleased with you.
You visited 1 branch of the dungeon, and saw 9 of its levels.
You also visited: Bailey.

You collected 354 gold pieces.

Inventory:

Hand Weapons
 a - a +0 hand axe (weapon)
Armour
 n - a +0 plate armour (worn)
 o - a +0 pair of gloves (worn)
 D - a +0 kite shield (worn)
Jewellery
 A - a ring of magical power (left hand)
Wands
 y - a wand of random effects (13)
Scrolls
 c - 3 scrolls of teleportation
 d - 2 scrolls of fear
 e - a scroll of fog {unknown}
 h - a scroll of amnesia {unknown}
 k - 2 scrolls of remove curse
 p - a scroll of enchant armour {unknown}
 q - 2 scrolls of blinking
 u - a scroll of random uselessness {unknown}
 B - a scroll of immolation {unknown}
Potions
 b - a potion of attraction {unknown}
 f - 2 potions of might
 g - 7 potions of curing
 i - 2 potions of magic
 j - a potion of flight {unknown}
 m - a potion of heal wounds {unknown}
 r - 3 potions of degeneration
 s - 3 potions of ambrosia
 t - 2 potions of resistance {unknown}
 v - a potion of mutation {unknown}
 w - a potion of invisibility {unknown}
 x - 2 potions of lignification {unknown}
 z - a potion of haste {unknown}


   Skills:
 + Level 8.5 Fighting
 + Level 8.5 Axes
 + Level 8.0 Armour
 + Level 7.3 Dodging
 + Level 1.8 Shields
 + Level 1.1 Evocations


You had 8 spell levels left.
You didn't know any spells.
Your spell library was empty.

Dungeon Overview and Level Annotations

Branches:
Dungeon (9/15)             Temple (0/1) D:6          Bailey (1/1)
   Lair: D:8-11         Orc: D:9-12

Altars:
Nemelex Xobeh
Sif Muna
Vehumet
The Shining One

Shops:
D:5 }   D:7 }

Portals:
Abyss: D:4

Annotations:
D:3 1 runed translucent door, dtburroughs's ghost, amateur MiBe
D:4 2 transporters, Patoropollo's ghost, amateur HOFi
D:5 2 runed translucent doors, vvl's ghost, novice DrTm


Innate Abilities, Weirdness & Mutations

You reflexively headbutt those who attack you in melee.
You have a pair of horns on your head.


Message History

The orc knight hits you with a +0 glaive!
The orc knight roars a battlecry!
The orcs go into a battle-frenzy!
The orc knight roars a battlecry!
The orc warrior goes into a battle-frenzy!
You hit the orc knight but do no damage.
The orc knight is lightly wounded.
The orc warrior seems to regain its courage.
You block the orc knight's attack. The orc warrior closely misses you.
The orc knight roars a battlecry!
The orc warriors go into a battle-frenzy!
The orc warrior shoots a bolt.
You block the bolt.
There is an empty arch of ancient stone here.
You see here a bolt.
The orc knight hits you from afar with a +0 glaive!
There is a gate leading back out of this place, spattered with blood here.
The orc knight hits you from afar with a +0 glaive!
* * * LOW HITPOINT WARNING * * *
The orc warrior hits you from afar with a +0 halberd!
You die...

### ##@## #=((#
#oo.#
≈o≈≈.......≈≈o≈
.oo≈.......≈oo.
≈o≈≈.......≈≈o≈
≈≈≈..#...#..≈≈≈
....##...##....
#### ##∩## ####


You could see an orc knight (fast, strong) and an orc warrior (strong).

Vanquished Creatures
  Grinder (D:6)
  A water moccasin (D:6)
  2 orc warriors
  A sky beast (D:5)
  An ice beast (D:8)
  A phantom (D:4)
  5 ogres
  2 centaurs
  2 big kobolds (D:7)
  2 wyvern skeletons
  3 howler monkeys
  A crimson imp (D:7)
  A bullfrog zombie (D:5)
  A bullfrog skeleton (D:7)
  2 jellies
  4 hounds
  3 orc priests
  7 orc wizards
  An iguana (D:5)
  7 worker ants
  A killer bee zombie (D:5)
  A hound skeleton (D:5)
  A worker ant zombie (D:6)
  3 gnolls (D:7)
  3 river rats (D:7)
  11 adders
  2 shadow imps (D:6)
  2 white imps
  An ufetubus (D:7)
  2 oozes (D:1)
  An adder skeleton (D:4)
  A dart slug (D:1)
  3 leopard geckos
  23 orcs
  A ball python (D:1)
  4 bats
  4 giant cockroaches
  14 goblins
  5 hobgoblins
  6 jackals
  17 kobolds
  5 quokkas
  A ball python skeleton (D:5)
  11 frilled lizards
  A goblin skeleton (D:7)
  2 goblin zombies (D:7)
  A hobgoblin zombie (D:7)
  A jackal zombie (D:5)
  A kobold skeleton (D:7)
  A kobold zombie (D:7)
  A leopard gecko skeleton (D:5)
  A leopard gecko zombie (D:7)
  An orc zombie (D:7)
  A quokka skeleton (D:7)
  2 rats
184 creatures vanquished.

Vanquished Creatures (others)
  11 plants (D:7)
  2 withered plants (D:3)
13 creatures vanquished.

Grand Total: 197 creatures vanquished

Notes
Turn   | Place    | Note
-------+----------+-------------------------------------------
     0 | D:1      | dtburroughs the Minotaur Berserker began the quest for the
                  | Orb.
     0 | D:1      | Reached XP level 1. HP: 19/19 MP: 0/0
   104 | D:1      | Reached XP level 2. HP: 22/27 MP: 1/1
   710 | D:1      | Reached XP level 3. HP: 32/33 MP: 2/2
   975 | D:2      | Reached ** piety under Trog
  1124 | D:2      | Found a sparkling altar of Nemelex Xobeh.
  1683 | D:3      | Reached XP level 4. HP: 41/41 MP: 3/3
  1890 | D:3      | Found a runed translucent door.
  1913 | D:3      | Noticed dtburroughs's ghost (amateur MiBe)
  2072 | D:3      | Found a shimmering blue altar of Sif Muna.
  2203 | D:4      | Noticed a small abomination
  2235 | D:4      | Found a transporter.
  2237 | D:4      | Noticed a small abomination
  2238 | D:4      | Found a one-way gate to the infinite horrors of the Abyss.
  2238 | D:4      | Noticed Patoropollo's ghost (amateur HOFi)
  2238 | D:4      | Noticed a small abomination
  2239 | D:4      | Identified the +4 short sword "Nedunn" {distort, rC+}
  2239 | D:4      | Noticed a big kobold
  2240 | D:4      | Noticed a toenail golem
  2269 | D:4      | Reached XP level 5. HP: 47/47 MP: 4/4
  2384 | D:4      | HP: 2/47 [poisoned by a worker ant]
  2392 | D:4      | HP: 2/47 [poisoned by a worker ant]
  2820 | D:4      | Noticed a phantom
  2899 | D:4      | Killed a phantom
  2900 | D:4      | Reached skill level 5 in Fighting
  2900 | D:4      | Reached skill level 5 in Axes
  3032 | D:4      | Reached XP level 6. HP: 55/56 MP: 5/5
  3237 | D:4      | Found a transporter.
  3742 | D:5      | Entered Level 5 of the Dungeon
  4161 | D:5      | Reached skill level 5 in Armour
  4174 | D:5      | Reached XP level 7. HP: 52/62 MP: 6/6
  4228 | D:5      | Found a large runed translucent door.
  4228 | D:5      | Found a large runed translucent door.
  4230 | D:5      | Noticed vvl's ghost (novice DrTm)
  4572 | D:5      | Reached skill level 5 in Dodging
  4687 | D:5      | Found Oblool's Gadget Shoppe.
  5165 | D:6      | Reached XP level 8. HP: 34/71 MP: 7/7
  5458 | D:6      | Found a staircase to the Ecumenical Temple.
  5515 | D:6      | Noticed Grinder
  5531 | D:6      | Killed Grinder
  5948 | D:6      | Reached *** piety under Trog
  6290 | D:7      | Found Ysoim's Gadget Boutique.
  6484 | D:7      | HP: 3/111 [ogre/+0 giant spiked club (10)]
  6488 | D:7      | Reached XP level 9. HP: 5/81 MP: 8/8
  6806 | D:7      | Found a glowing golden altar of the Shining One.
  7755 | D:8      | Reached skill level 1 in Shields
  7828 | D:8      | You fall into a shaft and drop 1 floor!
  7939 | D:9      | Reached skill level 1 in Evocations
  8026 | D:9      | Found a radiant altar of Vehumet.
  8107 | D:9      | Found a flagged portal.
  8116 | Bailey   | Entered a bailey
  8116 | Bailey   | Noticed an orc knight
  8119 | Bailey   | Noticed an orc knight
  8125 | Bailey   | Noticed an orc knight
  8147 | Bailey   | Slain by an orc warrior

Illustrated notes

Levels and vault maps discovered:
D:1:      dpeg_arrival_round_a, layout_loops_ring
D:2:      layout_rooms, nemelex_diamond_rough_becter
D:3:      layout_rooms, gammafunk_ghost_grave, led_sif_pool
D:4:      layout_loops_ring, gammafunk_ghost_abyssal_escape, hex_tiny,
          kennysheep_cluttered_room, serial_park_tiny_2,
          kennysheep_generic_room_7
D:5:      layout_loops_ring, serial_shops, nicolae_shop_crystal,
          ebering_ghost_disaster_area
D:6:      layout_gridville, minmay_temple_entry_proselytizer,
          minmay_ogre_servants, uniq_grinder
D:7:      wad_woods_settlement, layout_loops_cross,
          nicolae_tso_besieged_by_evil, serial_shops, shop,
          minmay_misc_feat_rugged, st_stairs_13, grunt_ministairs_12
D:8:      layout_cave_pods
D:9:      layout_irregular_city, basic_altar, enter_bailey_6
Bailey:   bailey_polearm_4, bailey

Skill      XL: |  1  2  3  4  5  6  7  8  9 |
---------------+----------------------------+-----
Fighting       | 4 5 6 8 |  8.5
Axes           | 4 5 6 7 8 |  8.5
Armour         | 3 4 5 6 7 8 |  8.0
Dodging        | 3 4 5 6 7 |  7.3
Shields        | 1 |  1.8
Evocations     | 1 |  1.1

Action                   |  1- 3 |  4- 6 |  7- 9 || total
-------------------------+-------+-------+-------++-------
Melee: Hand axe          |    75 |   177 |   362 ||   614
       Headbutt          |    10 |    34 |    81 ||   125
Invok: Trog's Hand       |       |     2 |     7 ||     9
       Berserk           |       |       |     2 ||     2
Evoke: Wand              |       |       |     5 ||     5
  Use: Scroll            |       |       |    10 ||    10
Armor: Animal skin       |    21 |       |       ||    21
       Plate armour      |     7 |   111 |   194 ||   312
Dodge: Dodged            |    59 |    69 |   130 ||   258
Block: Kite shield       |       |       |    27 ||    27
